 Dungeon Crawl Stone Soup version 0.30-a0-618-gd6c86c23d0 (webtiles) character file.

Game seed: 13666990991296797721

231578 ryw the Lord of Darkness (level 18, -9/110 (116) HPs)
             Began as a Deep Elf Necromancer on Jan 5, 2023.
             Was the Champion of Kikubaaqudgha.
             Mangled by a peacekeeper (16 damage)
             ... in the Desolation of Salt on Jan 9, 2023.
             The game lasted 03:18:53 (37368 turns).

ryw the Lord of Darkness (Deep Elf Necromancer)    Turns: 37368, Time: 03:18:54

HP:   -9/110 (116)  AC: 23    Str:  8    XL:     18   Next: 36%
MP:   16/39         EV: 22    Int: 33    God:    Kikubaaqudgha [******]
Gold: 1705          SH:  9    Dex: 23    Spells: 10/47 levels left

rFire   + + +      SeeInvis .    B - +3 Elemental Staff {rElec rF++ rC++ AC+5}
rCold   + + .      Faith    .    o - +3 buckler
rNeg    . . .      Spirit   .    x - +3 ring mail {rPois}
rPois   +          Reflect  .    E - +2 hat
rElec   +          Harm     .    s - +2 cloak
rCorr   .          Rampage  .    d - +2 pair of gloves "Kaawaenu" {rF+ Str+3 Int+2}
Will    +++..                    W - +0 pair of boots of Dithmenos's Envy {Drain Will++ Int+2 Dex+2}
Stlth   ++                       k - amulet of magic regeneration
HPRegen 0.38/turn                J - ring of wizardry
MPRegen 0.66/turn                y - +6 ring of dexterity

@: death channelling, animating dead, drained
A: no striking features
}: 2/15 runes: barnacled, gossamer
a: Renounce Religion, Unearth Wretches, Torment, Brand Weapon With Pain, Receive
Forbidden Knowledge


You were in the Desolation of Salt.
You worshipped Kikubaaqudgha.
Kikubaaqudgha was exalted by your worship.
You visited 7 branches of the dungeon, and saw 32 of its levels.
You also visited: Ossuary and Desolation.

You collected 3142 gold pieces.
You spent 1437 gold pieces at shops.

Inventory:

Hand Weapons
 c - the +9 falchion "Eleh" {elec, +Blink rC- Dex+6}
   (You took it off a kobold on level 12 of the Dungeon)

   Dex:       It affects your dexterity (+6).
   rC:        It makes you vulnerable to cold.
   +Blink:    It lets you blink.
 n - the +6 rapier "Litizeic" {spect, rF+ MP+9 Dex+2 Stlth+}
   (You found it on level 4 of the Shoals)

   Dex:       It affects your dexterity (+2).
   rF:        It protects you from fire.
   MP:        It affects your magic capacity (+9).
   Stlth:     It makes you more stealthy.
 r - the +8 longbow "Zephyr" {speed, Dex+3 SInv}
   (You found it on level 1 of the Elven Halls)

   Dex:       It affects your dexterity (+3).
   SInv:      It lets you see invisible.
 B - the +3 Elemental Staff (weapon) {rElec rF++ rC++ AC+5}
   (You found it on level 1 of the Spider Nest)

   If the wielder is skilled in Evocations, they can discharge powerful blasts
   of elemental energy when striking with it.
   It enhances your fire, ice, earth and air magic.
   AC:        It affects your AC (+5).
   rF:        It greatly protects you from fire.
   rC:        It greatly protects you from cold.
   rElec:     It insulates you from electricity.
 V - the +6 spear "Gomueps" {speed, Will+}
   (You found it on level 4 of the Shoals)

   Will:      It increases your willpower.
 Y - the +7 quarterstaff of the Inviting Gods {spect, rElec Stlth+}
   (You found it on level 5 of the Lair of Beasts)

   rElec:     It insulates you from electricity.
   Stlth:     It makes you more stealthy.
Armour
 d - the +2 pair of gloves "Kaawaenu" (worn) {rF+ Str+3 Int+2}
   (You acquired it on level 1 of the Dungeon)

   Str:       It affects your strength (+3).
   Int:       It affects your intelligence (+2).
   rF:        It protects you from fire.
 o - a +3 buckler (worn)
 s - a +2 cloak (worn)
 x - a +3 ring mail of poison resistance (worn)
 E - a +2 hat (worn)
 W - the +0 pair of boots of Dithmenos's Envy (worn) {Drain Will++ Int+2 Dex+2}
   (You acquired it on level 15 of the Dungeon)

   Int:       It affects your intelligence (+2).
   Dex:       It affects your dexterity (+2).
   Drain:     It drains your maximum health when unequipped.
   Will:      It greatly increases your willpower.
Jewellery
 k - an amulet of magic regeneration (around neck)
 y - a +6 ring of dexterity (right hand)
 z - a ring of flight
 J - a ring of wizardry (left hand)
 K - a ring of resist corrosion
Wands
 q - a wand of digging (9)
 w - a wand of quicksilver (10)
 O - a wand of charming (10)
 S - a wand of roots (15)
Scrolls
 a - 2 scrolls of blinking
 e - a scroll of fear
 g - a scroll of amnesia
 l - 4 scrolls of enchant weapon
 t - 12 scrolls of teleportation
 v - 2 scrolls of brand weapon
 A - 2 scrolls of poison
 M - 3 scrolls of silence
 N - 3 scrolls of magic mapping
 Q - 4 scrolls of fog
 T - 9 scrolls of identify
 U - a scroll of enchant armour
 X - 2 scrolls of summoning
Potions
 b - 6 potions of magic
 f - 5 potions of lignification
 h - 5 potions of haste
 i - 9 potions of heal wounds
 j - 19 potions of curing
 m - 9 potions of might
 p - 4 potions of brilliance
 u - 7 potions of berserk rage
 D - 5 potions of mutation
 F - 3 potions of attraction
 G - 6 potions of cancellation
 H - 5 potions of flight
 I - 3 potions of invisibility
 L - 2 potions of resistance
 R - 3 potions of ambrosia
Miscellaneous
 C - a lightning rod (4/4)
 P - a condenser vane
 Z - a phial of floods


   Skills:
 + Level 14.0 Fighting
 - Level 3.0 Long Blades
 * Level 8.1 Staves
 - Level 5.0 Armour
 - Level 19.0 Dodging
 - Level 2.4 Stealth
 - Level 5.0 Shields
 - Level 15.0 Spellcasting
 - Level 5.0 Hexes
 - Level 5.0 Summonings
 - Level 20.0 Necromancy
 - Level 10.0 Evocations


You had 10 spell levels left.
You knew the following spells:

 Your Spells              Type           Power      Damage    Failure   Level
a - Death Channel         Necr           51%        N/A       1%          6
b - Animate Dead          Necr           100%       N/A       0%          4
c - Anguish               Hex/Necr       41%        N/A       1%          4
d - Confusing Touch       Hex            55%        N/A       1%          3
e - Agony                 Necr           100%       N/A       1%          5
f - Dispel Undead         Necr           100%       3d31      0%          4
g - Vampiric Draining     Necr           100%       2d13      0%          3
h - Call Canine Familiar  Summ           55%        N/A       1%          3
i - Borgnjor's Vile Clut  Necr/Erth      47%        N/A       1%          5

Your spell library contained the following spells:

 Spells                   Type           Power      Damage    Failure   Level
 Necrotise                Necr           100%       1d9       0%          1
 Sublimation of Blood     Necr           100%       N/A       0%          2
 Kiss of Death            Conj/Necr      100%       2d13      1%          1
 Summon Small Mammal      Summ           100%       N/A       1%          1
 Cigotuvi's Dreadful Rot  Necr/Pois/Air  100%       N/A       1%          2
 Apportation              Tloc           48%        N/A       2%          1
 Sting                    Tmut/Pois      96%        1d7       2%          1
 Portal Projectile        Hex/Tloc       82%        N/A       2%          3
 Poisonous Vapours        Pois/Air       74%        N/A       3%          2
 Gell's Gravitas          Tloc           24%        N/A       8%          3
 Mephitic Cloud           Conj/Pois/Air  37%        N/A       8%          3
 Ozocubu's Armour         Ice            37%        N/A       8%          3
 Teleport Other           Tloc           24%        N/A       8%          3
 Leda's Liquefaction      Hex/Erth       29%        N/A       9%          4
 Manifold Assault         Tloc           24%        N/A       24%         4
 Olgreb's Toxic Radiance  Pois           24%        N/A       24%         4
 Petrify                  Tmut/Erth      37%        N/A       24%         4
 Alistair's Intoxication  Tmut/Pois      16%        N/A       52%         5
 Blade Hands              Tmut           12%        N/A       52%         5
 Irradiate                Conj/Tmut      12%        3d15      52%         5
 Dispersal                Tloc           12%        N/A       97%         6
 Dragon Form              Tmut           12%        N/A       100%        7
 Ozocubu's Refrigeration  Ice            18%        4d11      100%        7
 Disjunction              Tloc           12%        N/A       100%        8


Dungeon Overview and Level Annotations

Branches:
Dungeon (15/15)            Temple (1/1) D:6            Lair (5/5) D:11
 Shoals (4/4) Lair:2       Spider (4/4) Lair:3        Slime (0/5) Lair:5
    Orc (2/2) D:12            Elf (1/3) Orc:2        Vaults (0/5) D:13
 Depths (0/4) D:15        Ossuary (visited)         Desolation (1/1)

Altars:
Cheibriados
Dithmenos
Fedhas
Gozag
Kikubaaqudgha
Makhleb
Nemelex Xobeh
Okawaru
Qazlal
Uskayaw
Vehumet
Wu Jian
Xom
The Shining One
Lugonu

Shops:
D:2 [   D:4 :   D:6 [   D:7 [   D:9 *   D:10 *   D:13 (   Orc:2 ([=*
Shoals:1 !   Shoals:3 [

Portals:
Abyss: Lair:5

Annotations:
D:7 exclusion: ice statue
D:12 2 transporters, Wowumid's ghost, journeyman MfBe
Lair:4 Rupert
Lair:5 2 transporters, sokol815's ghost, journeyman VSBr


Message History

Your imperial myrmidon zombie hits the saltling.
Your imperial myrmidon zombie hits the peacekeeper but does no damage.
Your imperial myrmidon zombie barely misses the saltling.
Your ragged hierophant zombie barely misses the peacekeeper.
The saltling completely misses you.
Casting: Borgnjor's Vile Clutch (mildly dangerous; 1% risk of failure)
Confirm with . or Enter, or press ? or * to list all spells.
Malign forces permeate your being, awaiting release.
The peacekeeper misses you. You block the peacekeeper's attack.
The saltling completely misses you. The saltling barely misses you.
Something hits your imperial myrmidon zombie.
Your servant of whispers zombie hits the saltling but does no damage.
Your imperial myrmidon zombie hits the saltling.
Your imperial myrmidon zombie completely misses the peacekeeper.
Your imperial myrmidon zombie hits the peacekeeper!
Your imperial myrmidon zombie hits the saltling!
The saltling is destroyed!
Kikubaaqudgha accepts your kill.
Your imperial myrmidon zombie hits the peacekeeper but does no damage.
The halazid warlock points at the saltling and mumbles some strange words.
The saltling's animating energy erupts into ghostly fire!
The ghostly flame explodes!
The ghostly fireball engulfs the saltling.
The saltling completely resists.
The ghostly fireball engulfs the halazid warlock.
The halazid warlock completely resists.
The ghostly fireball engulfs you!!
You feel drained.
* * * LOW HITPOINT WARNING * * *
The ghostly fireball engulfs your servant of whispers zombie.
Your servant of whispers zombie completely resists.
The saltling misses you. The peacekeeper misses you.
The peacekeeper closely misses you.
You hear a shout!
You swap places.
The saltling barely misses your imperial myrmidon zombie.
The saltling hits your imperial myrmidon zombie!!
Your ragged hierophant zombie hits the peacekeeper but does no damage.
The peacekeeper bites you!
You die...
Kikubaaqudgha rasps: "You have failed me!
Welcome... death!"

...............9
................
...∩.∩..§.......
........§§........
....§§§§§§§.......
.....§§§§.9§Z§§...
....§§§§§§Z9.§§...
....§§§..ZZZ§§§§..
....§.§.Z@9Z§§§§§
.....#..)ZZZ§.§.§
........9§L§§#§§
........#..§§§9.
............9§..
#..........§.9#.
...............
...#...........
....#........


You could see a halazid warlock (ally target), a peacekeeper (ally target), 3
saltlings, 7 friendly imperial myrmidon zombies, a friendly servant of whispers
zombie and a friendly ragged hierophant zombie.

Vanquished Creatures
  A kraken (Shoals:2)
  4 emperor scorpions
  2 broodmothers
  2 merfolk impalers (Shoals:2)
  Josephine (D:12)
  A ragged hierophant (Desolation)
  A servant of whispers (Desolation)
  A hydra (Lair:4)
  A radroach (Spider:4)
  9 two-headed ogres
  An ogre mage (D:15)
  An alligator snapping turtle (Shoals:2)
  2 centaur warriors
  2 dancing weapons
  2 boulder beetles
  The ghost of pokeman the Thaumaturge, a journeyman DEHW of Vehumet (D:9)
  An orc high priest (Elf:1)
  A tengu warrior (D:15)
  A deep elf knight (Elf:1)
  2 pharaoh ants (Spider:1)
  3 skeletal warriors (D:10)
  A sea snake (shapeshifter) (D:15)
  3 orb spiders
  Pikel (D:4)
  3 steelbarb worms
  A lindwurm (Lair:5)
  4 deep elf pyromancers
  2 wolf spiders
  2 orc sorcerers (Orc:2)
  A moth of wrath (Spider:3)
  3 cyclopes
  4 fauns
  14 ugly things
  7 manticores
  3 elephants
  2 merfolk sirens
  5 black mambas
  Joseph (D:8)
  A water nymph (Shoals:2)
  A gargoyle (D:12)
  3 torpor snails
  Maggie (D:9)
  7 cane toads
  A demonic crawler (Spider:3)
  A kobold demonologist (D:12)
  2 komodo dragons (Lair:2)
  Psyche (D:8)
  3 meliai
  2 merfolk (Shoals:1)
  A polar bear (Lair:1)
  2 wind drakes
  A saltling (Desolation)
  5 tarantellas
  2 hornets (D:10)
  Grinder (D:4)
  2 trolls
  4 blink frogs (Lair:5)
  2 dream sheep (Lair:3)
  4 jumping spiders
  Sigmund (D:4)
  5 culicivoras
  A centaur simulacrum (D:12)
  2 wyverns
  7 wraiths
  7 yaks
  A shadow (D:11)
  2 basilisks
  A water elemental (D:15)
  2 fire elementals (Elf:1)
  Eustachio (D:5)
  A hog (shapeshifter) (D:15)
  7 redbacks
  14 vampire mosquitoes
  A warg (Orc:2)
  3 steam dragons
  Menkaure (D:5)
  Edmund (D:5)
  7 water moccasins
  20 orc warriors
  A black bear (D:6)
  An elephant zombie (Lair:4)
  3 wolves (Lair:2)
  4 centaurs
  3 ogres
  4 kobold brigands
  3 lemures (D:3)
  7 bullfrogs
  A scorpion (D:5)
  2 gnoll sergeants
  5 wights
  A small abomination (Lair:5)
  18 killer bees
  A howler monkey (D:12)
  An electric eel (Lair:2)
  3 jellies
  Crazy Yiuf (D:2)
  A hound (D:5)
  14 orc priests
  5 iguanas
  Ijyb (D:4)
  14 orc wizards
  Natasha (thrice) (D:4)
  8 mummies (Ossuary)
  14 gnolls
  9 adders
  2 white imps
  2 ufetubi (D:5)
  A worm (D:2)
  2 dart slugs
  59 orcs
  6 ball pythons
  2 bats (D:2)
  5 endoplasms
  3 giant cockroaches
  9 goblins
  2 hobgoblins
  2 quokkas
  5 frilled lizards
  2 gnoll zombies (Ossuary)
  2 hobgoblin zombies (Ossuary)
  18 kobolds
  A kobold zombie (Ossuary)
  An orc zombie (Ossuary)
  5 rats
  A spectral hobgoblin (D:1)
  A tentacle (Shoals:2)
488 creatures vanquished.

Vanquished Creatures (collateral kills)
  A fenstrider witch (Shoals:2)
  4 ghost moths
  2 emperor scorpions
  An orc warlord (Orc:2)
  A spark wasp (Spider:3)
  2 minotaurs (Shoals:4)
  2 entropy weavers
  2 peacekeepers (Desolation)
  7 hydras
  A jorogumo (Spider:2)
  A catoblepas (Lair:4)
  6 two-headed ogres
  2 boulder beetles
  A dancing weapon (D:13)
  A death yak (Shoals:4)
  A merfolk avatar (Shoals:1)
  A merfolk aquamancer (Shoals:2)
  3 satyrs (Shoals:4)
  Urug (Lair:5)
  2 thrashing horrors (Lair:5)
  An orc high priest (Orc:2)
  Sonja (D:13)
  A sun moth (Spider:1)
  6 pharaoh ants
  6 sea snakes
  7 orb spiders
  A glowing orange brain (D:15)
  3 steelbarb worms
  An orc knight (Orc:2)
  A deep elf zephyrmancer (Elf:1)
  10 harpies
  6 manticores
  11 wolf spiders
  4 fauns
  4 large abominations (Lair:5)
  A mana viper (shapeshifter) (D:15)
  9 ugly things
  2 slime creatures (D:15)
  A moth of wrath (Spider:2)
  13 elephants
  A guardian serpent (Desolation)
  4 merfolk sirens
  3 water nymphs
  5 cane toads
  2 smoke demons (Lair:5)
  3 black mambas
  An efreet (D:11)
  3 demonic crawlers
  A redback zombie (Spider:2)
  2 komodo dragons (Lair:5)
  A kobold demonologist (D:12)
  2 ancient zymes (Lair:5)
  3 meliai
  2 trolls
  3 wind drakes
  A polar bear (Lair:3)
  9 saltlings (Desolation)
  8 blink frogs (Lair:5)
  19 merfolk
  17 tarantellas
  2 snapping turtles (Shoals:4)
  9 small abominations (Lair:5)
  6 dream sheep
  14 jumping spiders
  7 culicivoras
  19 yaks
  2 ynoxinuls (Lair:5)
  7 water elementals
  A golden eye (shapeshifter) (D:14)
  5 basilisks
  A wyvern (Lair:3)
  33 redbacks
  A chaos spawn (Lair:5)
  6 water moccasins
  7 orc warriors
  A black bear (D:11)
  An ogre (D:15)
  9 wolves
  3 centaurs
  A bullfrog (Lair:1)
  2 kobold brigands (D:12)
  12 wights
  3 killer bees
  A howler monkey (D:9)
  A jelly (D:4)
  5 orc priests (Orc:2)
  10 orc wizards
  An adder (D:4)
  4 gnolls
  31 orcs
  An endoplasm (D:2)
  2 hobgoblins (D:1)
  A hobgoblin zombie (Ossuary)
  3 kobolds
  An orc zombie (Ossuary)
  5 butterflies
  2 plants
  A tentacle (Shoals:2)
442 creatures vanquished.

Vanquished Creatures (others)
  A sphinx (Shoals:4)
  Polyphemus (Shoals:4)
  Ilsuiw (Shoals:2)
  4 emperor scorpions
  7 imperial myrmidons (Desolation)
  A spark wasp (Spider:4)
  A minotaur (Shoals:4)
  3 merfolk javelineers
  A merfolk impaler (Shoals:4)
  2 entropy weavers
  A servant of whispers (Desolation)
  An ogre mage (D:15)
  3 hydras (Lair:5)
  2 jorogumos (Spider:1)
  A catoblepas (Shoals:4)
  2 centaur warriors
  An alligator snapping turtle (Shoals:4)
  5 satyrs (Shoals:4)
  A two-headed ogre (D:15)
  A tengu warrior (D:15)
  2 orc high priests
  A death yak (Shoals:4)
  An emperor scorpion zombie (Spider:4)
  A pharaoh ant (Spider:3)
  A deep elf archer (Elf:1)
  2 sea snakes
  5 orb spiders
  A lindwurm (Lair:5)
  10 harpies
  A jorogumo zombie (Spider:1)
  3 ugly thing zombies (D:15)
  2 orc knights
  3 wolf spiders
  2 orc sorcerers (Orc:2)
  5 fauns
  2 deep elf zephyrmancers (Elf:1)
  2 ugly things (D:14)
  2 cyclopes
  A merfolk siren (Shoals:4)
  7 manticores
  2 water nymphs
  2 smoke demons (Lair:5)
  A torpor snail (Spider:1)
  An elephant (Lair:3)
  3 cane toads
  A death yak zombie (Shoals:4)
  An alligator snapping turtle zombie (Shoals:2)
  3 demonic crawlers (Spider:4)
  An orb spider zombie (Spider:4)
  A komodo dragon (Lair:3)
  3 redback zombies
  A catoblepas zombie (Shoals:4)
  3 sea snake zombies
  2 tengu conjurers (D:15)
  2 hydra zombies
  7 merfolk
  7 meliai
  9 harpy zombies (Shoals:4)
  A demonic crawler zombie (Spider:4)
  A troll (D:13)
  4 culicivora zombies
  A saltling (Desolation)
  3 wind drakes
  A satyr zombie (Shoals:4)
  A moth of wrath zombie (Spider:2)
  2 blink frogs (Lair:5)
  3 tarantellas
  2 dream sheep (Lair:5)
  5 tarantella zombies
  A human zombie (Desolation)
  5 jumping spider zombies
  3 meliai zombies (Spider:4)
  6 jumping spiders
  6 snapping turtles
  4 culicivoras
  2 black mamba zombies (Lair:5)
  A chaos spawn (Lair:5)
  8 yaks (Lair:5)
  4 wind drake zombies
  8 redbacks
  2 water nymph zombies
  2 elf zombies (Elf:1)
  9 merfolk zombies
  5 cane toad zombies
  4 faun zombies
  A water moccasin (Lair:5)
  15 orc warriors
  A hornet zombie (D:10)
  A black bear (Lair:4)
  4 manticore zombies
  2 snapping turtle zombies
  A lindwurm zombie (Lair:5)
  3 dream sheep zombies (Lair:5)
  An ogre (Orc:2)
  9 blink frog zombies (Lair:5)
  2 wolves (Lair:5)
  3 elephant zombies (Lair:5)
  A hog zombie (D:15)
  A komodo dragon zombie (Lair:2)
  2 cyclops zombies
  3 bullfrogs
  A wyvern zombie (D:11)
  4 water moccasin zombies
  A warg zombie (Orc:2)
  3 yak zombies
  2 wolf zombies (Lair:2)
  A basilisk zombie (Lair:5)
  A centaur zombie (D:9)
  4 bullfrog zombies
  2 black bear zombies
  3 orc priests
  3 orc wizards
  9 killer bee zombies
  2 ogre zombies (Orc:2)
  A hound zombie (D:5)
  A steam dragon zombie (D:8)
  2 jelly zombies (D:4)
  13 orcs
  4 gnoll zombies
  A ball python zombie (D:4)
  An endoplasm zombie (D:4)
  10 kobold zombies
  56 orc zombies
  A bush (Lair:5)
  51 fungi
  119 plants
  22 tentacles (Shoals:2)
606 creatures vanquished.

Grand Total: 1536 creatures vanquished

Notes
Turn   | Place    | Note
-------+----------+-------------------------------------------
     0 | D:1      | ryw the Deep Elf Necromancer began the quest for the Orb.
     0 | D:1      | Reached XP level 1. HP: 10/10 MP: 6/6
   346 | D:1      | Reached skill level 5 in Necromancy
   346 | D:1      | Reached XP level 2. HP: 16/16 MP: 5/8
   633 | D:1      | Found a faded altar of an unknown god.
   737 | D:1      | Reached XP level 3. HP: 3/20 MP: 1/10
   832 | D:1      | Learned a level 3 spell: Vampiric Draining
   946 | D:1      | Identified a scroll of acquirement
   946 | D:1      | Acquired the +2 pair of gloves "Kaawaenu" {rF+ Str+3 Int+2}
  1128 | D:2      | Reached skill level 1 in Fighting
  1432 | D:2      | Found Myimud's Armour Boutique.
  1445 | D:2      | Reached XP level 4. HP: 24/25 MP: 7/12
  1526 | D:2      | Learned a level 4 spell: Animate Dead
  1632 | D:2      | You fall into a shaft and drop 1 floor!
  1636 | D:3      | Noticed an ogre
  1730 | D:3      | Reached XP level 5. HP: 29/29 MP: 10/13
  1898 | D:3      | Reached skill level 6 in Necromancy
  2227 | D:2      | Found a runed translucent door.
  2228 | D:2      | Noticed Crazy Yiuf
  2263 | D:2      | Learned a level 5 spell: Agony
  2279 | D:2      | Killed Crazy Yiuf
  2542 | D:3      | Killed an ogre
  2543 | D:3      | Reached XP level 6. HP: 17/35 MP: 5/15
  2753 | D:4      | Reached skill level 5 in Spellcasting
  2816 | D:4      | Reached skill level 7 in Necromancy
  2941 | D:4      | Reached XP level 7. HP: 40/40 MP: 3/17
  3006 | D:4      | Noticed Sigmund
  3013 | D:4      | Killed Sigmund
  3066 | D:4      | Reached skill level 5 in Dodging
  3237 | D:4      | Noticed Pikel
  3559 | D:4      | Found Lotwokh's Book Emporium.
  3790 | D:4      | Noticed Ijyb
  3796 | D:4      | Killed Ijyb
  3872 | D:4      | Noticed Natasha
  3880 | D:4      | Killed Natasha
  3921 | D:4      | Noticed Grinder
  3927 | D:4      | Killed Pikel
  3928 | D:4      | Reached skill level 8 in Necromancy
  3928 | D:4      | Reached XP level 8. HP: 35/46 MP: 0/19
  3943 | D:4      | Noticed Natasha
  3946 | D:4      | Killed Grinder
  3947 | D:4      | Reached skill level 9 in Necromancy
  3947 | D:4      | Killed Natasha
  4158 | D:4      | Noticed Natasha
  4163 | D:4      | Killed Natasha
  4190 | D:5      | Entered Level 5 of the Dungeon
  4269 | D:5      | Noticed Eustachio
  4297 | D:5      | Killed Eustachio
  4360 | D:5      | Noticed Edmund
  4371 | D:5      | Killed Edmund
  4372 | D:5      | Reached skill level 10 in Necromancy
  4609 | D:5      | Reached XP level 9. HP: 52/52 MP: 20/22
  4650 | D:5      | Noticed Menkaure
  4663 | D:5      | Killed Menkaure
  5181 | D:6      | Found Kial's Antique Armour Shoppe.
  5192 | D:6      | Bought a buckler for 139 gold pieces
  5380 | D:6      | Found a staircase to the Ecumenical Temple.
  5389 | Temple   | Entered the Ecumenical Temple
  5398 | Temple   | Became a worshipper of Kikubaaqudgha
  5500 | D:6      | Learned a level 3 spell: Call Canine Familiar
  6092 | D:7      | Noticed an ice statue
  6142 | D:7      | Reached skill level 1 in Shields
  6142 | D:7      | Reached skill level 1 in Summonings
  6310 | D:7      | Found a flagged portal.
  6493 | D:7      | Found Zilell's Armour Emporium.
  6640 | D:7      | Reached * piety under Kikubaaqudgha
  6640 | D:7      | Received a gift from Kikubaaqudgha
  6666 | D:7      | Reached skill level 5 in Fighting
  6989 | D:8      | Found a sand-covered staircase.
  7025 | Ossuary  | Entered an ossuary
  7493 | D:8      | Reached XP level 10. HP: 59/59 MP: 9/24
  7788 | D:8      | Identified the +7 chain mail of Vanity {Stlth+}
  7823 | D:8      | Noticed a deep elf pyromancer
  7831 | D:8      | Killed a deep elf pyromancer
  8172 | D:8      | Reached ** piety under Kikubaaqudgha
  8173 | D:8      | Reached skill level 5 in Shields
  8401 | D:8      | Noticed Joseph
  8407 | D:8      | Noticed Psyche
  8411 | D:8      | Killed Joseph
  8412 | D:8      | Reached skill level 5 in Summonings
  8566 | D:8      | Killed Psyche
  8567 | D:8      | Reached skill level 1 in Armour
  9482 | D:9      | Reached skill level 10 in Dodging
  9666 | D:9      | Found a runed translucent gate.
  9666 | D:9      | Found a runed translucent gate.
  9668 | D:9      | Found a runed translucent gate.
  9670 | D:9      | Noticed pokeman's ghost (journeyman DEHW)
  9672 | D:9      | Found Valuti's Assorted Antiques.
  9686 | D:9      | Bought a scratched cabochon ring for 175 gold pieces
 10126 | D:9      | Noticed Maggie
 10152 | D:9      | Killed Maggie
 10383 | D:9      | Reached XP level 11. HP: 64/64 MP: 6/25
 10461 | D:10     | Entered Level 10 of the Dungeon
 10481 | D:10     | Found a sparkling altar of Nemelex Xobeh.
 10569 | D:10     | Noticed a two-headed ogre
 10591 | D:10     | Killed a two-headed ogre
 10708 | D:10     | Noticed a skeletal warrior
 10708 | D:10     | Noticed a skeletal warrior
 11148 | D:4      | Bought a book of Touch for 286 gold pieces
 11153 | D:4      | Learned a level 4 spell: Dispel Undead
 11155 | D:4      | Learned a level 1 spell: Kiss of Death
 11159 | D:4      | Learned a level 3 spell: Confusing Touch
 11348 | D:10     | Killed a skeletal warrior
 11351 | D:10     | Killed a skeletal warrior
 11352 | D:10     | Noticed a skeletal warrior
 11440 | D:10     | Killed a skeletal warrior
 11598 | D:10     | Found Fyguv's General Store.
 11605 | D:10     | Paralysed by a hornet for 2 turns
 11612 | D:10     | Bought 2 scrolls of identify for 48 gold pieces
 11612 | D:10     | Bought a scroll of identify for 24 gold pieces
 11612 | D:10     | Bought a scroll of teleportation for 36 gold pieces
 11612 | D:10     | Bought a scroll of identify for 24 gold pieces
 11767 | D:11     | Noticed a two-headed ogre
 11772 | D:11     | Killed a two-headed ogre
 11773 | D:11     | Reached skill level 10 in Spellcasting
 11809 | D:11     | Found a staircase to the Lair.
 11817 | D:11     | Noticed a two-headed ogre
 11855 | D:11     | Killed a two-headed ogre
 11943 | D:11     | Reached *** piety under Kikubaaqudgha
 11943 | D:11     | Received a gift from Kikubaaqudgha
 11989 | D:11     | Noticed a +0 short sword
 11989 | D:11     | Noticed a +0 short sword
 11989 | D:11     | Noticed a +0 spear
 11991 | D:11     | Noticed a +0 spear
 11991 | D:11     | Noticed a +0 dagger
 11991 | D:11     | Noticed a +0 dagger
 11994 | D:11     | Noticed a +0 falchion
 11999 | D:11     | Noticed a +0 falchion
 12090 | D:11     | Found a hide-covered altar of Uskayaw.
 12203 | D:11     | Reached skill level 11 in Necromancy
 12501 | D:11     | Noticed a two-headed ogre
 12507 | D:11     | Killed a two-headed ogre
 12508 | D:11     | Reached XP level 12. HP: 61/72 MP: 13/28
 12699 | D:12     | Reached skill level 5 in Armour
 12730 | D:12     | Found a staircase to the Orcish Mines.
 12773 | D:12     | Found a transporter.
 12774 | D:12     | Found a transporter.
 12856 | D:12     | Noticed Josephine
 12866 | D:12     | Reached **** piety under Kikubaaqudgha
 12873 | D:12     | Killed Josephine
 13031 | D:12     | Noticed Wowumid's ghost (journeyman MfBe)
 13169 | D:12     | Identified the +9 falchion "Eleh" {elec, +Blink rC- Dex+6}
 13170 | D:12     | Reached skill level 12 in Necromancy
 13327 | Lair:1   | Entered Level 1 of the Lair of Beasts
 14438 | Lair:2   | Found a glowing golden altar of the Shining One.
 14440 | Lair:2   | Noticed an eight-headed hydra
 14448 | Lair:2   | Killed an eight-headed hydra
 14449 | Lair:2   | Reached skill level 13 in Necromancy
 14814 | Lair:2   | Found a staircase to the Shoals.
 14888 | Lair:2   | Learned a level 6 spell: Death Channel
 15034 | Lair:3   | Reached skill level 1 in Hexes
 15116 | Lair:3   | Noticed a four-headed hydra
 15128 | Lair:3   | Killed a four-headed hydra
 15256 | Lair:3   | Found a hole to the Spider Nest.
 15396 | Lair:3   | Reached XP level 13. HP: 40/76 MP: 8/29
 15957 | Lair:3   | Learned a level 4 spell: Anguish
 16113 | Lair:3   | Upgraded the game from 0.30-a0-591-g3c58d2bc28 to
                  | 0.30-a0-596-g0af90f9a20
 16140 | Lair:4   | Noticed Rupert
 16885 | Lair:4   | Reached skill level 5 in Hexes
 17003 | Lair:4   | Reached skill level 14 in Necromancy
 18111 | Lair:5   | Entered Level 5 of the Lair of Beasts
 18165 | Lair:5   | Reached skill level 15 in Dodging
 18301 | Lair:5   | Identified the +7 quarterstaff of the Inviting Gods {spect,
                  | rElec Stlth+}
 18702 | Lair:5   | Reached skill level 15 in Necromancy
 18841 | Lair:5   | Reached ***** piety under Kikubaaqudgha
 18917 | Lair:5   | Reached XP level 14. HP: 71/84 MP: 28/32
 18964 | Lair:5   | Noticed Urug
 19246 | Lair:5   | Killed Urug
 19385 | Lair:5   | Noticed sokol815's ghost (journeyman VSBr)
 19552 | Lair:5   | Found a staircase to the Slime Pits.
 19638 | Lair:5   | Reached skill level 16 in Necromancy
 19692 | Lair:5   | Found a transporter.
 19693 | Lair:5   | Found a transporter.
 20007 | Lair:5   | Found a corrupted altar of Lugonu.
 20007 | Lair:5   | Found a one-way gate to the infinite horrors of the Abyss.
 20721 | D:12     | Reached skill level 1 in Evocations
 20843 | Orc:1    | Entered Level 1 of the Orcish Mines
 21167 | Orc:2    | Entered Level 2 of the Orcish Mines
 21170 | Orc:2    | Found a staircase to the Elven Halls.
 21191 | Orc:2    | Reached skill level 1 in Long Blades
 21311 | Orc:2    | Noticed an orc warlord
 22085 | Orc:2    | Found Ytuo's Antique Weapon Shop.
 22089 | Orc:2    | Found Jeuch's Antique Armour Boutique.
 22094 | Orc:2    | Bought a pair of runed boots for 315 gold pieces
 22160 | Orc:2    | Paralysed by an orc sorcerer for 5 turns
 22203 | Orc:2    | Found Kosa's General Store.
 22279 | Orc:2    | Found a runed translucent door.
 22302 | Orc:2    | Identified the +10 great sword "Cafanaugg" {freeze, rF+
                  | Will+}
 22386 | Orc:2    | Killed an orc warlord
 22646 | Orc:2    | Found Igemo's Jewellery Emporium.
 23539 | D:13     | Found a gate to the Vaults.
 23600 | D:13     | Noticed Sonja
 23606 | D:13     | Killed Sonja
 23657 | D:13     | Your ally Sonja died
 23759 | D:13     | Found Cianegyl's Antique Weapon Boutique.
 24018 | D:13     | Learned a level 5 spell: Borgnjor's Vile Clutch
 24154 | Spider:1 | Entered Level 1 of the Spider Nest
 24225 | Spider:1 | Reached XP level 15. HP: 54/88 MP: 28/35
 24227 | Spider:1 | Noticed an emperor scorpion
 24241 | Spider:1 | Killed an emperor scorpion
 24263 | Spider:1 | Reached skill level 5 in Evocations
 24912 | Spider:1 | Reached skill level 15 in Spellcasting
 25617 | Spider:1 | Found the +3 Elemental Staff {rElec rF++ rC++ AC+5}
 25717 | Spider:2 | Noticed an emperor scorpion
 25872 | Spider:2 | Killed an emperor scorpion
 26298 | Spider:2 | Reached skill level 17 in Necromancy
 26652 | Spider:2 | Noticed an emperor scorpion
 26666 | Spider:2 | Killed an emperor scorpion
 27206 | Spider:3 | Reached ****** piety under Kikubaaqudgha
 27570 | Spider:4 | Entered Level 4 of the Spider Nest
 27578 | Spider:4 | Noticed an emperor scorpion
 27585 | Spider:4 | Killed an emperor scorpion
 27659 | Spider:4 | Reached XP level 16. HP: 84/97 MP: 8/37
 27662 | Spider:4 | Reached skill level 10 in Fighting
 28245 | Spider:4 | Reached skill level 18 in Necromancy
 28996 | Spider:4 | Got a gossamer rune of Zot
 29245 | Spider:4 | Reached skill level 19 in Necromancy
 30551 | D:4      | Bought a book of Decay for 390 gold pieces
 30761 | D:9      | Killed pokeman's ghost
 31038 | D:15     | Entered Level 15 of the Dungeon
 31471 | D:15     | Reached XP level 17. HP: 86/106 MP: 38/38
 31575 | D:15     | Found a staircase to the Depths.
 31647 | D:15     | Reached skill level 20 in Necromancy
 32668 | D:15     | Acquired the +0 pair of boots of Dithmenos's Envy {Drain
                  | Will++ Int+2 Dex+2}
 32862 | Shoals:1 | Entered Level 1 of the Shoals
 33428 | Shoals:1 | Found Docinap's Distillery.
 33891 | Shoals:2 | Reached skill level 1 in Staves
 34356 | Shoals:2 | Noticed Ilsuiw
 34381 | Shoals:2 | Killed Ilsuiw
 34599 | Shoals:2 | Noticed a kraken
 34729 | Shoals:2 | Killed a kraken
 35419 | Shoals:3 | Found Hebbuarch's Antique Armour Shop.
 36032 | Shoals:3 | Upgraded the game from 0.30-a0-596-g0af90f9a20 to
                  | 0.30-a0-618-gd6c86c23d0
 36033 | Shoals:4 | Entered Level 4 of the Shoals
 36082 | Shoals:4 | Reached skill level 5 in Staves
 36089 | Shoals:4 | Noticed Polyphemus
 36095 | Shoals:4 | Killed Polyphemus
 36188 | Shoals:4 | Reached XP level 18. HP: 51/116 MP: 16/39
 36366 | Shoals:4 | Got a barnacled rune of Zot
 36451 | Shoals:4 | Identified the +6 spear "Gomueps" {speed, Will+}
 36531 | Shoals:4 | Your ally Polyphemus died
 36701 | Shoals:4 | Identified the +6 rapier "Litizeic" {spect, rF+ MP+9 Dex+2
                  | Stlth+}
 36702 | Shoals:4 | Identified the +1 plate armour of the Tick {rPois rN+
                  | Int+5}
 37155 | Elf:1    | Entered Level 1 of the Elven Halls
 37158 | Elf:1    | Found the +8 longbow "Zephyr" {speed, Dex+3 SInv}
 37310 | Elf:1    | Found a crumbling gateway.
 37317 | Desolati | Entered the Desolation of Salt
 37350 | Desolati | Reached skill level 10 in Evocations
 37368 | Desolati | Mangled by a peacekeeper

Illustrated notes

Levels and vault maps discovered:
D:1:      sevenhm_arrival_forest_fort_small_6, layout_basic,
          dreamdust_ecumenical_altar_drowned_temple
D:2:      layout_loops_ring, serial_shops, nicolae_shop_stone,
          uniq_crazy_yiuf_cottage
D:3:      layout_loops_ring
D:4:      layout_basic, serial_shops, kennysheep_mini, uniq_grinder, uniq_ijyb,
          uniq_sigmund, uniq_natasha, uniq_pikel
D:5:      layout_rooms, kennysheep_small_spiral, uniq_menkaure, uniq_edmund,
          uniq_eustachio
D:6:      layout_basic, lemuel_temple_firewalk_b, serial_shops,
          nicolae_stop_n_shop_1, dk_noncrumbling_3, nicolae_titane
D:7:      lemuel_ice_statue, layout_basic, serial_glass, glass_columns_a,
          glass_columns_c, lightli_bailey_entry_fortress, serial_shops, shop
D:8:      layout_cave_pods, lightli_ossuary_entry_decrepit_ruins,
          guppyfry_early_elven_hall, uniq_psyche, uniq_joseph
D:9:      layout_loops_ring, ebering_ghost_rock_garden, serial_shops, shop,
          uniq_maggie
D:10:     layout_basic, nemelex_xobeh_ov_fountains_minmay, serial_shops,
          nicolae_shop_crystal, corner_web_ring
D:11:     layout_roguey, david_lair_generic, minmay_statues_item,
          nicolae_uskayaw_en_pointe
D:12:     layout_gridville, hiddenorc2_lemuel, gammafunk_ghost_hive,
          uniq_josephine
D:13:     layout_roguey, erik_vaults_1, serial_shops,
          nicolae_shop_overgrown_old_shop, uniq_sonja
D:14:     layout_big_octagon, chequers_serial_rivers_small_a
D:15:     gammafunk_enter_depths_forms, layout_loops_ring, minivault_23,
          st_stairs_3, ebering_dispersal_statue_hall, water_maze_lemuel
Temple:   compressed_dpeg_triangle_lava_temple
Lair:1:   layout_long_grid
Lair:2:   layout_loops_ring, elwin_shoals_entry_rooms, basic_altar,
          lemuel_fruit_fields, lemuel_fruit_fields, lemuel_fruit_tree
Lair:3:   layout_chaotic_city, spider_nest_entry_rubble, serial_bayou_shore_a
Lair:4:   layout_layer_cave, lemuel_fruit_fields, grunt_megastairs_1,
          infiniplex_staircase_pool_2, lemuel_fruit_fields, uniq_rupert
Lair:5:   hellmonk_lair_end_abyssal_woods, layout_loops_ring,
          dpeg_slime_entry_corner, nzn_ghost_randoct, serial_bayou_pond_b,
          uniq_urug
Shoals:1: layout_shoals, serial_shops, shop, nicolae_shoals_land_atoll,
          nicolae_shoals_loop_pool
Shoals:2: layout_shoals, nicolae_shoals_beach_house_on_fowls_legs, uniq_ilsuiw
Shoals:3: layout_shoals, serial_shops, nicolae_take_the_stairs
Shoals:4: shoals_end_hellmonk_lost_city, uniq_polyphemus
Spider:1: nicolae_spider_mines_1
Spider:2: layout_spider_delve, nicolae_spider_not_touching_you
Spider:3: layout_spider_delve
Spider:4: grunt_spider_rune_circles, nicolae_spider_orb_run
Orc:1:    layout_caves
Orc:2:    grunt_orc_community_town_hall, layout_diamond_mine,
          grunt_orc_community_big_house_1, grunt_orc_community_big_house_2,
          grunt_orc_community_house_3, grunt_orc_community_house_1,
          grunt_orc_community_house_1, grunt_orc_community_house_2,
          grunt_orc_community_house_1, lightli_church_of_beogh
Elf:1:    eino_elf_arrival_shootout, layout_onion_city,
          portal_desolation_entry_ruin, minmay_elf_sorcery, uniq_azrael
Desolation

Skill      XL: |  1  2  3  4  5  6  7  8  9 10 11 12 13 14 15 16 17 18 |
---------------+-------------------------------------------------------+-----
Necromancy     | 5 6 7 8 10 11 13 15 16 17 19 20 | 20.0
Dodging        | 3 4 5 6 8 10 12 14 15 17 18 19 | 19.0
Fighting       | 1 2 3 4 5 7 8 9 12 13 14 | 14.0
Spellcasting   | 4 5 6 7 8 10 12 14 15 | 15.0
Shields        | 3 5 |  5.0
Summonings     | 3 5 |  5.0
Armour         | 2 4 5 |  5.0
Hexes          | 3 5 |  5.0
Evocations     | 4 5 8 10 | 10.0
Long Blades    | 3 |  3.0
Staves         | 6 8 |  8.1
Stealth        | |  2.4

Action                   |  1- 3 |  4- 6 |  7- 9 | 10-12 | 13-15 | 16-18 || total
-------------------------+-------+-------+-------+-------+-------+-------++-------
Melee: Dagger            |     9 |     9 |    64 |    57 |       |       ||   139
       Quarterstaff      |       |       |   123 |    22 |       |       ||   145
       Punch             |       |       |     3 |       |       |       ||     3
       Short sword       |       |       |       |    84 |   222 |       ||   306
       Unarmed           |       |       |       |     4 |       |       ||     4
       Falchion          |       |       |       |       |   344 |   167 ||   511
       Staff             |       |       |       |       |       |   125 ||   125
 Cast: Necrotise         |    63 |    53 |    29 |    13 |       |       ||   158
       Vampiric Draining |       |    14 |   100 |   200 |    54 |     3 ||   371
       Animate Dead      |       |     7 |    18 |    18 |    33 |    15 ||    91
       Agony             |       |     2 |     9 |    18 |       |       ||    29
       Call Canine Famil |       |       |     1 |    40 |    46 |    15 ||   102
       Dispel Undead     |       |       |       |    33 |       |     2 ||    35
       Death Channel     |       |       |       |     6 |    94 |    62 ||   162
       Confusing Touch   |       |       |       |     1 |    49 |     4 ||    54
       Anguish           |       |       |       |       |   137 |   180 ||   317
       Borgnjor's Vile C |       |       |       |       |    23 |    63 ||    86
Invok: Unearth Wretches  |       |       |     1 |     1 |    10 |     6 ||    18
       Torment           |       |       |       |       |     1 |       ||     1
 Abil: Evoke Blink       |       |       |       |       |     5 |       ||     5
Evoke: Wand              |       |       |     7 |     3 |       |     3 ||    13
  Use: Scroll            |     4 |     3 |     6 |    19 |    12 |     1 ||    45
       Potion            |       |       |     1 |       |     6 |     1 ||     8
 Stab: Distracted        |       |     1 |       |     1 |     9 |    12 ||    23
       Sleeping          |       |       |     3 |     1 |     2 |     1 ||     7
       Paralysed         |       |       |     1 |     1 |     4 |     4 ||    10
       Confused          |       |       |       |       |    18 |       ||    18
Armor: Robe              |     2 |     3 |   132 |    11 |       |       ||   148
       Steam dragon scal |       |       |       |    71 |    76 |       ||   147
       Skin              |       |       |       |     2 |       |       ||     2
       Ring mail         |       |       |       |       |   115 |   122 ||   237
Dodge: Dodged            |    10 |    18 |   320 |   332 |   797 |   431 ||  1908
Block: Buckler           |       |       |       |   179 |   454 |   215 ||   848

Table legend: (Time is in decaauts)
 A = Elapsed time spent in this place.
 B = Non-inter-level travel time spent in this place.
 C = Inter-level travel time spent in this place.
 D = Time resting spent in this place.
 E = Time spent auto-exploring this place.
 F = Levels seen in this place.
 G = Mean time per level.
                   A        B        C        D        E       F      G
               +--------+--------+--------+--------+--------+-----+--------+
         Total |  40503 |  36570 |   3933 |   3800 |  23978 |  34 | 1191.3 |
       Dungeon |  18398 |  15959 |   2439 |   1682 |  10441 |  15 | 1226.5 |
        Temple |     16 |     10 |      6 |      0 |      0 |   1 |   16.0 |
          Lair |   8178 |   7438 |    740 |    566 |   5123 |   5 | 1635.6 |
        Shoals |   5134 |   4841 |    293 |    185 |   3722 |   4 | 1283.5 |
   Spider Nest |   5473 |   5232 |    241 |    855 |   3106 |   4 | 1368.2 |
  Orcish Mines |   2617 |   2405 |    212 |    340 |   1346 |   2 | 1308.5 |
   Elven Halls |    165 |    165 |      0 |      0 |     75 |   1 |  165.0 |
       Ossuary |    470 |    470 |      0 |    172 |    161 |   1 |  470.0 |
    Desolation |     48 |     48 |      0 |      0 |      0 |   1 |   48.0 |
               +--------+--------+--------+--------+--------+-----+--------+

Top non-repeatable levels by time:
  Lair:5: 2298 daAuts
  Lair:4: 1960 daAuts
  Lair:3: 1946 daAuts
    D:15: 1918 daAuts
     D:8: 1914 daAuts
Shoals:2: 1745 daAuts
Spider:4: 1695 daAuts
Spider:1: 1637 daAuts
     D:9: 1604 daAuts
   Orc:2: 1596 daAuts
    D:12: 1425 daAuts
    D:11: 1338 daAuts
     D:3: 1219 daAuts
Spider:2: 1207 daAuts
     D:4: 1197 daAuts
